 Dungeon Crawl Stone Soup version 0.17.0-26-gececa24 (webtiles) character file.

88 Ijustatesigmund the Conjurer (level 4, 0/30 HPs)
             Began as a Demonspawn Wizard on Nov 19, 2015.
             Slain by an orc wizard
             ... wielding a +2 dagger of flaming
              (1 damage)
             ... on level 3 of the Dungeon.
             The game lasted 00:09:42 (2339 turns).

Ijustatesigmund the Conjurer (Demonspawn Wizard)    Turns: 2339, Time: 00:09:42

Health: 0/30       AC:  6    Str:  5 (7)  XL:     4   Next: 29%
Magic:  2/8        EV: 12    Int: 20      God:
Gold:   197        SH:  2    Dex: 12      Spells: 3 memorised, 4 levels left

rFire  . . .     SeeInvis .     b - +0 rapier
rCold  . . .     Clarity  .     a - +0 robe
rNeg   . . .     SustAt   .     (no shield)
rPois  .         Gourm    .     l - +0 helmet
rElec  .         Spirit   .     o - +0 cloak
rCorr  .         Warding  .     (no gloves)
rMut   .         Stasis   .     (no boots)
MR     .....                    (no amulet)
Stlth  ++........               (no ring)
                                (no ring)

@: very slightly contaminated, hasted, repel missiles, very quick, not resistant
to hostile enchantments, unstealthy
A: hooves 1, large bone plates 1, demonic guardian 1
a: no special abilities


You were on level 3 of the Dungeon.
You were hungry.

You visited 1 branch of the dungeon, and saw 3 of its levels.

You collected 197 gold pieces.

Inventory:

Hand Weapons
 b - a +0 rapier (weapon)
 q - a cursed -1 dagger
Missiles
 e - 50 poisoned needles
 k - 8 silver javelins (quivered)
Armour
 a - a +0 robe (worn)
 l - a +0 helmet (worn)
 o - a +0 cloak (worn)
Scrolls
 f - a scroll of remove curse
Potions
 g - 2 potions of lignification
Books
 c - a book of Minor Magic

   Spells                             Type                      Level
   a - Magic Dart                     Conjuration                  1
   b - Blink                          Translocation                2
   c - Call Imp                       Summoning                    2
   d - Repel Missiles                 Charms/Air                   2
   e - Slow                           Hexes                        2
   f - Conjure Flame                  Conjuration/Fire             3
   g - Mephitic Cloud                 Conjuration/Poison/Air       3
Comestibles
 d - 3 bread rations
 i - 3 meat rations
 j - a slice of pizza
 m - 2 fruits


   Skills:
 + Level 1.0 Throwing
 - Level 1.7 Dodging
 - Level 1.7 Stealth
 - Level 3.0 Spellcasting
 - Level 3.1 Conjurations
   Level 1.0 Summonings
 + Level 1.5 Translocations
 + Level 1.3 Air Magic


You had 4 spell levels left.
You knew the following spells:

 Your Spells              Type           Power        Failure   Level  Hunger
a - Magic Dart            Conj           ###.         4%          1    None
b - Blink                 Tloc           N/A          14%         2    ##.....
c - Repel Missiles        Chrm/Air       #.....       21%         2    ##.....


Dungeon Overview and Level Annotations

Branches:
Dungeon (3/15)

Altars:


Innate Abilities, Weirdness & Mutations

You have large cloven feet.
You are partially covered in large bone plates (AC +2, SH +2).
A weak demonic guardian rushes to your aid.


Message History

You closely miss something. Something hits you.
* * * LOW HITPOINT WARNING * * *
Something burns you.
* * * LOW HITPOINT WARNING * * *
You're too confused!
Drink which item? (? for menu, Esc to quit)
It was a potion of degeneration.
There was something very wrong with that liquid.
You feel weakened.
You hear some strange, mumbled words.
A puff of flame appears from out of thin air!
The puff of flame hits you!
* * * LOW HITPOINT WARNING * * *
Drink which item? (? for menu, Esc to quit)
It was a potion of haste.
You feel yourself speed up.
You feel less confused. You block its attack.
You are very lightly contaminated with residual magic.
You miss something. Something hits you.
You die...

# #. # #.# ######### #.#
#........ # #.#
#........ #.. #.#
#........ .....#######.#
#........
.......@{o.#.###........
......####)#............
..... #......###........
$... #.##o#.# #........
### .#....#.# #........
.....).[# #########
#..............(
#........o.g....
..........o.....


You could see an orc.

Vanquished Creatures
  3 adders (D:2)
  An ooze (D:1)
  A worm (D:2)
  A giant gecko (D:1)
  2 orcs (D:3)
  2 ball pythons (D:1)
  9 bats
  A giant cockroach (D:1)
  7 hobgoblins
  7 kobolds
  2 giant newts (D:2)
  8 goblins
  11 rats
55 creatures vanquished.

Vanquished Creatures (collateral kills)
  An orc (D:3)
1 creature vanquished.

Grand Total: 56 creatures vanquished

Notes
Turn   | Place    | Note
--------------------------------------------------------------
     0 | D:1      | Ijustatesigmund the Demonspawn Wizard began the quest for the Orb.
     0 | D:1      | Reached XP level 1. HP: 13/13 MP: 4/4
   307 | D:1      | Gained mutation: You have large cloven feet. [demonic ancestry]
   307 | D:1      | Reached XP level 2. HP: 10/19 MP: 0/6
   455 | D:1      | Learned a level 2 spell: Blink
   458 | D:1      | Learned a level 2 spell: Repel Missiles
  1046 | D:1      | Gained mutation: You are partially covered in large bone plates (AC +2, SH +2). [demonic ancestry]
  1046 | D:1      | Reached XP level 3. HP: 16/24 MP: 0/7
  1058 | D:1      | Reached skill level 1 in Translocations
  1768 | D:2      | Reached skill level 1 in Air Magic
  2016 | D:2      | Gained mutation: A weak demonic guardian rushes to your aid. [demonic ancestry]
  2016 | D:2      | Reached XP level 4. HP: 30/30 MP: 3/8
  2297 | D:3      | Reached skill level 1 in Throwing
  2337 | D:3      | HP: 1/30 [something/puff of flame (4)]
  2339 | D:3      | Slain by an orc wizard

Action                   |  1- 3 |  4- 6 || total
-------------------------+-------+-------++-------
Melee: Short sword       |    63 |       ||    63
       Unarmed           |     8 |       ||     8
       Rapier            |       |    19 ||    19
 Cast: Magic Dart        |    88 |    17 ||   105
       Repel Missiles    |     2 |       ||     2
       Blink             |     1 |       ||     1
  Use: Scroll            |     7 |       ||     7
       Potion            |       |     3 ||     3
  Eat: Chunk             |     3 |     1 ||     4
